 Dungeon Sprint DCSS version 0.26.1-11-gd32895ea62 (webtiles) character file.

Game seed: 10643780141140921756

82 Zeld the Shield-Bearer (level 4, -6/44 HPs)
             Began as a Deep Dwarf Fighter on June 9, 2021.
             Was an Initiate of Makhleb.
             Mangled by a killer bee (8 damage)
             ... in the Dungeon (Sprint IV: "Fedhas' Mad Dash").
             The game lasted 00:00:48 (1847 turns).

Zeld the Shield-Bearer (Deep Dwarf Fighter)         Turns: 1847, Time: 00:00:50

Health: -6/44      AC:  6    Str: 20    XL:     4   Next: 21%
Magic:  4/4        EV:  8    Int:  9    God:    Makhleb [......]
Gold:   81         SH: 10    Dex: 12    Spells: 3/3 levels left

rFire    . . .     SeeInvis .   a - +0 war axe
rCold    . . .     Faith    .   c - +0 kite shield
rNeg     . . .     Spirit   .   b - +0 scale mail
rPois    .         Reflect  .   (no helmet)
rElec    .         Harm     .   (no cloak)
rCorr    .         Rampage  .   (no gloves)
Will     .....     NoTele   +   (no boots)
Stlth    ..........             i - amulet of invisibility {+Inv}
HPRegen  0.00/turn              (no ring)
MPRegen  0.09/turn              (no ring)

@: mighty, lethally poisoned (-6 -> -6), non-regenerating
A: damage resistance, heal wounds, sense surroundings 1, no regeneration
a: Heal Wounds, Renounce Religion, Evoke Invisibility


You were in the Dungeon.
You worshipped Makhleb.
Makhleb was noncommittal.
You visited 1 branch You collected 81 gold pieces.

Inventory:

Hand Weapons
 a - a +0 war axe (weapon)
Armour
 b - a +0 scale mail (worn)
 c - a +0 kite shield (worn)
Jewellery
 i - the amulet of invisibility (around neck) {+Inv}
   (You found it in the Dungeon)

   [amulet of nothing]

   It lets you turn invisible.
Scrolls
 j - a scroll of blinking
Potions
 e - a potion of curing
 f - a potion of heal wounds
 g - a potion of haste
 h - 2 potions of magic
 k - a potion of invisibility {unknown}


   Skills:
 + Level 4.3 Fighting
 * Level 6.1 Axes
 - Level 3.2 Armour
 * Level 6.6 Shields


You had 3 spell levels left.
You didn't know any spells.
Your spell library was empty.

Dungeon Overview and Level Annotations

Branches:
Dungeon (1/1)

Altars:
Cheibriados
Dithmenos
Elyvilon
Gozag
Hepliaklqana
Kikubaaqudgha
Makhleb
Nemelex Xobeh
Okawaru
Qazlal
Ru
Sif Muna
Trog
Uskayaw
Vehumet
Wu Jian
Xom
Yredelemnul
Zin
The Shining One
Beogh
Jiyva
Lugonu

Annotations:
D exclusion: oklob sapling


Innate Abilities, Weirdness & Mutations

You are resistant to damage.
You can heal yourself by infusing magical energy.
You passively map a small area around you.
You do not regenerate.


Message History

You closely miss the killer bee. The killer bee stings you!
You block the killer bee's attack. The killer bee stings you.
You block the queen bee's attack.
You hit the queen bee but do no damage.
The queen bee is lightly wounded.
You closely miss the killer bee. You block the killer bee's attack.
The killer bee stings you. x2; You block the killer bee's attack.
The queen bee stings you!
* * * LOW HITPOINT WARNING * * *
Unknown command.
You are too injured to fight recklessly!
You are too injured to fight recklessly!
You are too injured to fight recklessly!
You feel very mighty all of a sudden. The killer bee closely misses you.
You block the killer bee's attack. The burning bush throws fire at you.
The puff of flame hits you!
* * * LOW HITPOINT WARNING * * *
The queen bee barely misses you. The killer bee stings you!
You die...

#<..P#.....#.....#.⌠._.
#PP..'.....'.#(..+.._._
#PPPP#.....#.#...#..._.
###############'##.._._
.yy♣........'...#._._.
..y...♣.....#...######
* , ♣y.♣..###### * *
+####y##### #$$@y+ , *
#P|### ,,, , *###** *
** * , , ∩ , , * ,, ,,
,, , , ∩ , , * * * * ,


You could see a burning bush, a queen bee and 2 killer bees.

Vanquished Creatures
  2 oklob saplings (D)
  A worker ant (D)
  A river rat (D)
  A rat (D)
5 creatures vanquished.

Notes
Turn   | Place    | Note
-------+----------+-------------------------------------------
     0 | D        | Zeld the Deep Dwarf Fighter began the quest for the Orb.
     0 | D        | Reached XP level 1. HP: 20/20 MP: 1/1
    13 | D        | Reached XP level 2. HP: 23/28 MP: 2/2
   218 | D        | Noticed an oklob sapling
   222 | D        | Killed an oklob sapling
   223 | D        | Reached skill level 5 in Shields
   223 | D        | Reached XP level 3. HP: 36/36 MP: 3/3
   225 | D        | Found the amulet of invisibility {+Inv}
   231 | D        | Reached skill level 5 in Axes
   963 | D        | Found an opulent altar of Gozag.
   963 | D        | Found a hazy altar of Hepliaklqana.
   963 | D        | Found a burning altar of Makhleb.
   963 | D        | Found a roughly hewn altar of Beogh.
   963 | D        | Found a sparkling altar of Nemelex Xobeh.
   963 | D        | Found a snail-covered altar of Cheibriados.
   963 | D        | Found a sacrificial altar of Ru.
   963 | D        | Found a shimmering blue altar of Sif Muna.
   963 | D        | Found a shimmering altar of Xom.
   963 | D        | Found a basalt altar of Yredelemnul.
   965 | D        | Found a viscous altar of Jiyva.
   965 | D        | Found a bloodstained altar of Trog.
   965 | D        | Found an ornate altar of the Wu Jian Council.
   965 | D        | Noticed an oklob sapling priest
   966 | D        | Found an iron altar of Okawaru.
   966 | D        | Found a shadowy altar of Dithmenos.
   966 | D        | Found a glowing silver altar of Zin.
   967 | D        | Found a hide-covered altar of Uskayaw.
   967 | D        | Found an ancient bone altar of Kikubaaqudgha.
   968 | D        | Found a stormy altar of Qazlal.
   968 | D        | Found a glowing golden altar of the Shining One.
   968 | D        | Found a white marble altar of Elyvilon.
   969 | D        | Found a radiant altar of Vehumet.
   969 | D        | Found a corrupted altar of Lugonu.
   973 | D        | Became a worshipper of Makhleb the Destroyer
  1214 | D        | Noticed an oklob sapling
  1420 | D        | Killed an oklob sapling
  1421 | D        | Reached XP level 4. HP: 32/44 MP: 4/4
  1833 | D        | Noticed a queen bee
  1834 | D        | Noticed a burning bush
  1847 | D        | HP: 2/44 [burning bush/puff of flame (11)]
  1847 | D        | Mangled by a killer bee

Illustrated notes

Levels and vault maps discovered:
D:        dungeon_sprint_fedhas [sprint_temple]

Skill      XL: |  1  2  3 |
---------------+----------+-----
Fighting       | 3 4 |  4.3
Axes           | 3 4 6 |  6.1
Shields        | 4 5 6 |  6.6
Armour         | |  3.2

Action                   |  1- 3 |  4- 6 || total
-------------------------+-------+-------++-------
Melee: War axe           |    13 |     4 ||    17
 Abil: Evoke Invisibilit |     1 |       ||     1
       Heal Wounds       |       |     4 ||     4
  Use: Potion            |     1 |     1 ||     2
Armor: Scale mail        |     2 |     2 ||     4
Dodge: Dodged            |     7 |     8 ||    15
Block: Kite shield       |     7 |    16 ||    23
